 Dungeon Crawl Stone Soup version 0.31-a0-949-g57150269e1 (webtiles) character file.

Game seed: 17931983875312185780

2 LadyBoffin the Chopper (level 1, 20/20 HPs)
             Began as a Hill Orc Monk on Oct 22, 2023.
             Was an Initiate of Gozag.
             Got out of the dungeon alive.
             The game lasted 00:01:06 (128 turns).

LadyBoffin the Chopper (Hill Orc Monk)               Turns: 128, Time: 00:01:07

Health: 20/20      AC:  2    Str: 13    XL:     1   Next: 30%
Magic:  1/1        EV: 12    Int: 10    God:    Gozag
Gold:   13         SH:  0    Dex: 13    Spells: 0/0 levels left

rFire   . . .        a - +0 hand axe
rCold   . . .        d - orb {light}
rNeg    . . .        b - +0 robe
rPois   .            (no helmet)
rElec   .            (no cloak)
rCorr   .            (no gloves)
SInv    .            (no boots)
Will    .....        (no amulet)
Stlth   +            (no ring)
HPRegen 0.23/turn    (no ring)
MPRegen 0.07/turn

%: no passive effects
@: glowing
A: no striking features
a: Renounce Religion, Potion Petition, Call Merchant, Bribe Branch


You escaped.
You worshipped Gozag.
Gozag was noncommittal.
You visited 1 branch of the dungeon, and saw 1 of its levels.

You collected 13 gold pieces.

Inventory:

Hand Weapons
 a - a +0 hand axe (weapon)
Armour
 b - a +0 robe (worn)
 d - an orb of light (worn)
Scrolls
 e - a scroll of fog {unknown}
Potions
 c - a potion of ambrosia


   Skills:
 + Level 3.7 Fighting
 + Level 4.1 Axes
 + Level 2.4 Dodging


You couldn't memorise any spells.
You didn't know any spells.
Your spell library was empty.

Dungeon Overview and Level Annotations

Branches:
Dungeon (1/15)

Altars:
Gozag


Message History

Found a staircase leading out of the dungeon.
Found 5 poisoned darts.
Found a faded altar of an unknown god.
A giant cockroach comes into view.
A giant cockroach is nearby!
The giant cockroach bites you.
You hit the giant cockroach.
The giant cockroach is moderately wounded.
The giant cockroach bites you. The giant cockroach misses you.
You barely miss the giant cockroach. The giant cockroach bites you.
You hit the giant cockroach.
The giant cockroach is almost dead.
The giant cockroach closely misses you.
You completely miss the giant cockroach.
The giant cockroach is almost dead.
The giant cockroach bites you but does no damage.
The giant cockroach barely misses you.
You hit the giant cockroach.
You kill the giant cockroach!
There is a faded altar of an unknown god here.
This altar belongs to (a) Gozag, (b) Zin or (c) Uskayaw, but you can't tell which.
Press the corresponding letter to learn more about a god, or press enter to convert or escape to cancel.
Gozag accepts your prayer! Gozag welcomes you!
Gozag waives the service fee.
HP restored.
A ball python comes into view.
The ball python hisses angrily.
A ball python is nearby!
You hit the ball python.
You kill the ball python!
You now have 6 gold pieces.
You now have 13 gold pieces (gained 7).
Found a scroll labelled QUTANGA ZACKO.
Found 4 stones.
Okay, then.
e - a scroll labelled QUTANGA ZACKO
Found a stone staircase leading down.
There is a staircase leading out of the dungeon here.
You can't go down here!
You have escaped!

#. #########
######...# #.
##.......# #########
#...####.#
##...8...###...# ...
##.[8...8..##...# ...
.#8.........8#...# ..
....8..(..8......# ..
#8.........8#.....# #
##..8.@.8..##...#...#
##...8...###...#..##
######### #...# .#
##... # ####


There were no monsters in sight!

Vanquished Creatures
  A giant cockroach (D:1)
  A ball python (D:1)
2 creatures vanquished.

Notes
Turn   | Place    | Note
-------+----------+-------------------------------------------
     0 | D:1      | LadyBoffin the Hill Orc Monk began the quest for the Orb.
     0 | D:1      | Reached XP level 1. HP: 19/19 MP: 1/1
    19 | D:1      | Found a faded altar of an unknown god.
    32 | D:1      | Prayed at the altar of an unknown god.
    32 | D:1      | Became a worshipper of Gozag Ym Sagoz the Greedy
   128 | D:$      | Got out of the dungeon alive.

Illustrated notes

Levels and vault maps discovered:
D:1:      erik_arrival_orb_chamber, layout_loops_cross, basic_ecumenical_altar,
          st_stairs_6, roderic_roman_lattice, minivault_24

Action                     || total
---------------------------++-------
  Melee: Hand axe          ||     6
 Armour: Robe              ||     4
  Dodge: Dodged            ||     3

Table legend: (Time is in decaauts)
 A = Elapsed time spent in this place.
 B = Non-inter-level travel time spent in this place.
 C = Inter-level travel time spent in this place.
 D = Time resting spent in this place.
 E = Time spent auto-exploring this place.
 F = Levels seen in this place.
 G = Mean time per level.
                   A        B        C        D        E       F      G
               +--------+--------+--------+--------+--------+-----+--------+
         Total |    128 |     84 |     44 |      0 |     32 |   1 |  128.0 |
       Dungeon |    128 |     84 |     44 |      0 |     32 |   1 |  128.0 |
               +--------+--------+--------+--------+--------+-----+--------+

Top non-repeatable levels by time:
     D:1: 128 daAuts
